 Dungeon Crawl Stone Soup version 0.22-a0-160-gcc81d7a (webtiles) character file.

1008 KristoblXynda the Slasher (level 8, 0/84 HPs)
             Began as a Demonspawn Gladiator on Feb 10, 2018.
             Succumbed to Gorice's ghost's poison
             ... on level 5 of the Dungeon.
             The game lasted 00:07:29 (4734 turns).

KristoblXynda the Slasher (Demonspawn Gladiator)    Turns: 4734, Time: 00:07:29

Health: 0/84       AC: 24    Str: 14 (15) XL:     8   Next: 1%
Magic:  8/8        EV:  2    Int: 12      God:
Gold:   250        SH:  0    Dex: 14      Spells: 7/7 levels left

rFire    . . .     SeeInvis .   a - +0 long sword
rCold    . . .     Gourm    .   (no shield)
rNeg     + + +     Faith    .   (armour currently unavailable)
rPois    +         Spirit   .   (helmet currently unavailable)
rElec    .         Reflect  .   (cloak currently unavailable)
rCorr    .         Harm     .   (gloves currently unavailable)
MR       .....     NoTele   +   (boots currently unavailable)
Stlth    +++.......             (no amulet)
HPRegen  0.24/turn              (no ring)
MPRegen  0.11/turn              (no ring)

@: lethally poisoned (0 -> -19), tree-form (expiring)
A: nightstalker 2, rot immunity
a: no special abilities


You were on level 5 of the Dungeon.
You were completely stuffed.
You were a tree.
You visited 1 branch of the dungeon, and saw 5 of its levels.

You collected 250 gold pieces.

Inventory:

Hand Weapons
 a - a +0 long sword (weapon)
Missiles
 d - 3 throwing nets (quivered)
 j - 8 javelins
Armour
 g - a +0 cloak (melded)
 p - a +3 leather armour (melded)
Scrolls
 h - 3 scrolls of teleportation {unknown}
 i - 2 scrolls of fear {unknown}
 l - 2 scrolls of remove curse {unknown}
 n - a scroll of magic mapping
Potions
 b - a potion of haste
 e - a potion of magic
 m - 2 potions of flight
 o - 2 potions of brilliance
Comestibles
 f - 2 rations


   Skills:
 - Level 2.0 Fighting
 * Level 6.9 Long Blades
 - Level 2.0 Throwing
 + Level 2.9 Armour
 + Level 5.2 Dodging


You had 7 spell levels left.
You didn't know any spells.

Dungeon Overview and Level Annotations

Branches:
Dungeon (5/15)
 Temple: D:4-7

Altars:
Sif Muna
Trog


Innate Abilities, Weirdness & Mutations

((You have a pair of small horns on your head.))
You are significantly more attuned to the shadows.
You are immune to rotting.


Message History

You feel clever.
Your demonic ancestry asserts itself...
You feel immune to rotting.
Your transformation is almost over.
* * * LOW HITPOINT WARNING * * *
You feel sick.
Unknown command.
There is a lethal amount of poison in your body!
There is a lethal amount of poison in your body!
You eat one of the 5 rations.
That ration really hit the spot!
* * * LOW HITPOINT WARNING * * *
You feel very sick.
Wield which item (- for none, * to show all)? (? for menu, Esc to quit)
That's the wrong kind of item! (Use * to select it.) Wield which item (- for none, * to show all)? (? for menu, Esc to quit)
Okay, then.
You eat one of the 4 rations.
That ration really hit the spot!
* * * LOW HITPOINT WARNING * * *
You feel sick.
You eat one of the 3 rations.
That ration really hit the spot!
You die...

......# ......#
......# #....# ......#
#....# ###.### #....#
# #.# ######....#
###.###.........####
......#....(.#.....###
................♣....>
......#......#.....##.
......#......#.....#
......########...?.#
....... #######
......# ....


There were no monsters in sight!

Vanquished Creatures
  The ghost of Gorice the Charmwright, a novice GnWn (D:5)
  Sigmund (D:2)
  A scorpion (D:4)
  A crimson imp (D:5)
  A jelly (D:5)
  An orc priest (D:3)
  A bullfrog skeleton (D:4)
  A hound (D:4)
  An orc wizard (D:3)
  A centaur skeleton (D:4)
  Terence (D:2)
  Natasha (thrice) (D:2)
  3 worker ants (D:4)
  A hound skeleton (D:4)
  Robin (D:3)
  4 adders
  An ooze (D:2)
  A worm (D:2)
  2 dart slugs
  4 leopard geckos
  10 orcs
  3 ball pythons
  2 giant cockroaches
  11 goblins (D:3)
  8 hobgoblins
  5 jackals (D:3)
  3 kobolds
  6 bats
  3 frilled lizards
  A leopard gecko skeleton (D:4)
  10 rats
93 creatures vanquished.

Notes
Turn   | Place    | Note
-------+----------+-------------------------------------------
     0 | D:1      | KristoblXynda the Demonspawn Gladiator began the quest for the Orb.
     0 | D:1      | Reached XP level 1. HP: 16/16 MP: 1/1
   364 | D:1      | Gained mutation: You have a pair of small horns on your head. [demonic ancestry]
   364 | D:1      | Reached XP level 2. HP: 22/22 MP: 2/2
   424 | D:1      | Reached skill level 3 in Long Blades
   804 | D:2      | Noticed Sigmund
   829 | D:2      | Killed Sigmund
   829 | D:2      | Reached skill level 4 in Long Blades
   829 | D:2      | Reached XP level 3. HP: 27/27 MP: 3/3
   829 | D:2      | Reached XP level 4. HP: 33/33 MP: 4/4
   829 | D:2      | Gained mutation: You are slightly more attuned to the shadows. [demonic ancestry]
   829 | D:2      | Reached XP level 5. HP: 38/38 MP: 5/5
   935 | D:2      | Noticed Terence
   947 | D:2      | Killed Terence
  1158 | D:2      | Noticed Natasha
  1168 | D:2      | Killed Natasha
  1168 | D:2      | Reached skill level 5 in Long Blades
  1481 | D:2      | Found a deep blue altar of Sif Muna.
  1503 | D:2      | Noticed Natasha
  1507 | D:2      | Killed Natasha
  1517 | D:2      | Gained mutation: You are significantly more attuned to the shadows. [demonic ancestry]
  1517 | D:2      | Reached XP level 6. HP: 44/44 MP: 6/6
  1605 | D:2      | Found a bloodstained altar of Trog.
  1726 | D:2      | Noticed Natasha
  1731 | D:2      | Killed Natasha
  1913 | D:3      | Noticed Robin
  1959 | D:3      | Killed Robin
  2164 | D:3      | Reached skill level 1 in Armour
  3516 | D:4      | Reached skill level 6 in Long Blades
  3516 | D:4      | Reached XP level 7. HP: 11/50 MP: 7/7
  4570 | D:5      | Entered Level 5 of the Dungeon
  4652 | D:5      | Noticed Gorice's ghost (novice GnWn)
  4731 | D:5      | Killed Gorice's ghost
  4731 | D:5      | Reached skill level 5 in Dodging
  4731 | D:5      | Gained mutation: You are immune to rotting. [demonic ancestry]
  4731 | D:5      | Reached XP level 8. HP: 8/56 MP: 8/8
  4732 | D:5      | HP: 4/84 [poisoned by Gorice's ghost]
  4734 | D:5      | Succumbed to Gorice's ghost's poison

Vault maps used:
D:1:      dpeg_arrival_ternary, bh_walls_and_bars
D:2:      lemuel_round_altar, led_sif_pool, minmay_misc_feat_iff, uniq_sigmund,
          uniq_terence, uniq_natasha
D:3:      kennysheep_big_flooded_room, first_ration, uniq_robin
D:5:      minmay_temple_entry_poolview, minmay_gold_behind_fungi

Skill      XL: |  1  2  3  4  5  6  7 |
---------------+----------------------+-----
Throwing       | 2 |  2.0
Long Blades    | 4 5 6 |  6.9
Dodging        | 3 4 5 |  5.2
Armour         | 1 2 |  2.9
Fighting       | |  2.0

Action                   |  1- 3 |  4- 6 |  7- 9 || total
-------------------------+-------+-------+-------++-------
Melee: Long sword        |    43 |   153 |    85 ||   281
       Headbutt          |     2 |    28 |    10 ||    40
  Use: Scroll            |     2 |     1 |     2 ||     5
       Potion            |     1 |     6 |     3 ||    10
 Stab: Sleeping          |       |    14 |     1 ||    15
       Invisible         |       |     2 |       ||     2
  Eat: Chunk             |       |     5 |       ||     5
       Ration            |       |     1 |     4 ||     5
Armor: Leather armour    |     4 |     5 |     4 ||    13
       Skin              |     8 |       |    36 ||    44
       Ring mail         |       |    45 |     6 ||    51
Dodge: Dodged            |    25 |   129 |    38 ||   192
       Rpst.: Long sword |     9 |    46 |    12 ||    67

Table legend:
 A = Spawn XP
 B = Non-spawn XP
 C = Spawn XP percentage of total XP
 D = Spawn monster count
 E = Non-spawn monster count
 F = Spawn count percentage of total count
 G = Total turns spent on level
                    A         B        C        D         E        F      G
               +---------+---------+-------+---------+---------+-------+---------
         Total |       0 |    1440 |   0.0 |       0 |      93 |   0.0 |  4734
               +---------+---------+-------+---------+---------+-------+---------
           D:1 |       0 |      28 |   0.0 |       0 |      15 |   0.0 |   804
           D:2 |       0 |     423 |   0.0 |       0 |      22 |   0.0 |  1045
           D:3 |       0 |     167 |   0.0 |       0 |      37 |   0.0 |  1157
           D:4 |       0 |     337 |   0.0 |       0 |      16 |   0.0 |  1564
           D:5 |       0 |     485 |   0.0 |       0 |       3 |   0.0 |   164
               +---------+---------+-------+---------+---------+-------+---------
